 Dungeon Crawl Stone Soup version 0.29-a0-82-g837932c90e (webtiles) character file.

Game seed: 7526727485646013728

244 lordive the Ruffian (level 5, 0/49 HPs)
             Began as a Troll Warper on Feb 4, 2022.
             Succumbed to a scorpion's poison
             ... on level 4 of the Dungeon.
             The game lasted 00:02:38 (810 turns).

lordive the Ruffian (Troll Warper)                   Turns: 810, Time: 00:02:39

Health: 0/49       AC:  4    Str: 19    XL:     5   Next: 83%
Magic:  6/6        EV: 10    Int: 11    God:
Gold:   69         SH:  0    Dex:  9    Spells: 2/7 levels left

rFire   . . .      SeeInvis .     - Unarmed
rCold   . . .      Faith    .   (no shield)
rNeg    . . .      Spirit   .   a - +0 robe
rPois   .          Reflect  .   (helmet restricted)
rElec   .          Harm     .   (no cloak)
rCorr   .          Rampage  .   (gloves unavailable)
Will    .....                   (boots unavailable)
Stlth   +.........              (no amulet)
HPRegen 0.96/turn               e - ring of flight
MPRegen 0.10/turn               (no ring)

@: brilliant, lethally poisoned (0 -> -4), flying
A: large, unfitting armour, claws 3, regeneration 1, shaggy fur 1, tough skin 1
a: no special abilities


You were on level 4 of the Dungeon.
You visited 1 branch of the dungeon, and saw 4 of its levels.

You collected 69 gold pieces.

Inventory:

Missiles
 c - 5 boomerangs of dispersal (quivered)
 h - 2 poisoned darts
Armour
 a - a +0 robe (worn)
Jewellery
 e - a ring of flight (left claw)
Wands
 g - a wand of flame (11)
Scrolls
 b - 2 scrolls of blinking
Potions
 i - a potion of berserk rage {unknown}


   Skills:
 + Level 2.1 Fighting
 - Level 0.8 Throwing
 + Level 2.6 Dodging
 + Level 3.5 Unarmed Combat
 + Level 1.6 Spellcasting
 * Level 3.5 Translocations


You had 2 spell levels left.
You knew the following spells:

 Your Spells              Type           Power      Damage    Failure   Level
a - Blink                 Tloc           26%        N/A       11%         2
b - Teleport Other        Tloc           13%        N/A       22%         3

Your spell library contained the following spells:

 Spells                   Type           Power      Damage    Failure   Level
 Freeze                   Ice            4%         1d3       30%         1
 Gell's Gravitas          Tloc           13%        N/A       22%         3
 Lesser Beckoning         Tloc           13%        N/A       22%         3
 Frozen Ramparts          Ice            2%         1d2       67%         3
 Manifold Assault         Tloc           13%        N/A       89%         5
 Hailstorm                Conj/Ice       1%         3d3       97%         4


Dungeon Overview and Level Annotations

Branches:
Dungeon (4/15)
 Temple: D:4-7

Altars:


Innate Abilities, Weirdness & Mutations

You are too large for most types of armour.
You have claws for hands.
Your natural rate of healing is unusually fast.
You are covered in fur. (AC +1)
You have tough skin. (AC +1)


Message History

Unknown command.
You feel very sick. The scorpion barely misses you.
You barely miss the scorpion.
The scorpion is moderately wounded.
You feel very sick. The scorpion stings you.
* * * LOW HITPOINT WARNING * * *
You scratch the scorpion but do no damage.
The scorpion is lightly wounded.
You feel very sick.
The scorpion stings you but does no damage.
You barely miss the scorpion.
The scorpion is lightly wounded.
You feel very sick. The scorpion barely misses you.
You scratch the scorpion but do no damage.
The scorpion is lightly wounded.
You feel sick.
The scorpion stings you but does no damage.
You scratch the scorpion. Your claw misses the scorpion.
The scorpion is moderately wounded.
You feel sick. The scorpion barely misses you.
You claw the scorpion!
The scorpion is severely wounded.
You feel sick.
The scorpion stings you but does no damage.
You scratch the scorpion but do no damage.
The scorpion is severely wounded.
You feel sick. The scorpion stings you.
* * * LOW HITPOINT WARNING * * *
You are lethally poisoned!
The scorpion poisons you!
It was a potion of brilliance.
You feel clever all of a sudden.
* * * LOW HITPOINT WARNING * * *
You feel very sick. The scorpion closely misses you.
It was a potion of magic.
Magic courses through your body.
You die...

####.### #.....# # #.#
#(....# # #.# #.....# #
#.# #.....### ####.#
#.....#.. .....#
#.....#.# .....#
#.....#.# ...#.#
#.##.##.#
##.#.#####.##.##@#
................s#
^#.#.#####....###J......
............... .......
............... .......
.#.............. .......
.#.#.##...#..### .#.....
.#.#.##...... .......
.... . #..#.. .#...#.


You could see a scorpion and an endoplasm.

Vanquished Creatures
  2 scorpions (D:4)
  2 iguanas (D:4)
  An orc wizard (D:4)
  2 adders
  An ufetubus (D:4)
  An adder skeleton (D:4)
  2 orcs (D:4)
  2 endoplasms
  A goblin (D:3)
  A hobgoblin (D:1)
  A quokka (D:4)
  A ball python (D:3)
  2 frilled lizards (D:3)
  A kobold (D:4)
  2 rats (D:3)
22 creatures vanquished.

Notes
Turn   | Place    | Note
-------+----------+-------------------------------------------
     0 | D:1      | lordive the Troll Warper began the quest for the Orb.
     0 | D:1      | Reached XP level 1. HP: 19/19 MP: 1/1
   177 | D:3      | Reached XP level 2. HP: 18/28 MP: 3/3
   230 | D:4      | Noticed a scorpion
   240 | D:4      | Killed a scorpion
   241 | D:4      | Reached XP level 3. HP: 13/35 MP: 4/4
   241 | D:4      | Reached XP level 4. HP: 16/42 MP: 5/5
   279 | D:4      | Learned a level 2 spell: Blink
   283 | D:4      | Learned a level 3 spell: Teleport Other
   357 | D:4      | Identified the +6 quarterstaff of Righteous Anger {vorpal,
                  | Dex+4}
   374 | D:4      | Noticed a scorpion
   382 | D:4      | Killed a scorpion
   383 | D:4      | Reached XP level 5. HP: 28/49 MP: 6/6
   809 | D:4      | HP: 2/49 [poisoned by a scorpion]
   810 | D:4      | Succumbed to a scorpion's poison

Illustrated notes

Levels and vault maps discovered:
D:1:      saegor_arrival_simple_c, layout_rooms,
          shapermc_ecumenical_altar_starsandcircs, minmay_hedge_maze
D:2:      kennysheep_big_flooded_room, layout_loops_ring, basic_altar
D:3:      layout_basic, gammafunk_ghost_arena, small_statue_intersection
D:4:      layout_basic, chequers_temple_overflow_statue_of_worship,
          minmay_misc_feat_four_crosses

Skill      XL: |  1  2  3  4 |
---------------+-------------+-----
Dodging        | 2 |  2.6
Translocations | 3 |  3.5
Fighting       | 2 |  2.1
Unarmed Combat | 3 |  3.5
Throwing       | |  0.8
Spellcasting   | |  1.6

Action                   |  1- 3 |  4- 6 || total
-------------------------+-------+-------++-------
Melee: Unarmed           |    29 |    53 ||    82
  Use: Potion            |       |     2 ||     2
Armor: Robe              |     7 |    14 ||    21
Dodge: Dodged            |    10 |    30 ||    40

Table legend: (Time is in decaauts)
 A = Elapsed time spent in this place.
 B = Non-inter-level travel time spent in this place.
 C = Inter-level travel time spent in this place.
 D = Time resting spent in this place.
 E = Time spent auto-exploring this place.
 F = Levels seen in this place.
 G = Mean time per level.
                   A        B        C        D        E       F      G
               +--------+--------+--------+--------+--------+-----+--------+
         Total |    805 |    794 |     11 |    269 |    293 |   4 |  201.2 |
       Dungeon |    805 |    794 |     11 |    269 |    293 |   4 |  201.2 |
               +--------+--------+--------+--------+--------+-----+--------+

Top non-repeatable levels by time:
     D:4: 577 daAuts
     D:3: 156 daAuts
     D:1: 66 daAuts
     D:2: 4 daAuts
